Map: Orbital Shipyard

Players

SugataRash - Winner!

  • Race: Terran Terran
  • League: Silver

lesha

  • Race: Terran Terran
  • League: Gold

VOD

Have the link to the VOD?

Description

Time

  • Played on: Jan. 10, 2016, 8:49 a.m.
  • Length: 10:56
Show
View Real Time Build Order
Export as new Build Order

SugataRash Terran - Winner!

Build Orders: MMM Bio 

Get SALT Encoding   

  12  0:01  SCV  
  13  0:13  SCV  
  14  0:18  Supply Depot  
  14  0:25  SCV  
  15  0:40  SCV  
  15  0:42  Barracks  
  16  0:48  Refinery  
  16  0:52  SCV  
  17  1:04  SCV  
  18  1:17  SCV  
  19  1:31  Marine  
  19  1:32  Supply Depot  
  20  1:34  Orbital Command  
  20  1:37  Refinery  
  20  1:55  Barracks Tech Lab  
  20  2:05  Factory  
  20  2:06  SCV  
  21  2:08  Barracks  
  21  2:16  Marine  
  21  2:18  SCV  
  23  2:25  Stimpack  
  23  2:30  SCV  
  23  2:35  Marine  
  25  2:42  SCV  
  26  2:50  Starport  
  26  2:53  Marine  
  27  2:59  Marine  
  28  3:05  Supply Depot  
  28  3:06  SCV, Supply Depot  
  28  3:11  Factory Reactor  
  28  3:12  Marine  
  30  3:18  SCV  
  31  3:27  Marine  
  31  3:33  Marine  
  33  3:40  SCV, Starport Tech Lab  
  34  3:44  Marine  
  35  3:54  Supply Depot  
  35  4:03  Marine  
  35  4:04  Marine  
  35  4:05  SCV  
  38  4:11  Medivac x2  
  38  4:14  Command Center  
  42  4:24  Marine x2  
  44  4:38  Siege Tank  
  47  4:39  SCV  
  47  4:42  Marine x2  
  50  4:56  SCV  
  50  4:57  Supply Depot, Barracks  
  51  5:00  Marine  
  51  5:04  Marine  
  52  5:07  Medivac  
  52  5:09  SCV  
  55  5:17  Supply Depot  
  55  5:18  Siege Tank  
  58  5:22  Supply Depot  
  58  5:25  Liberator  
  58  5:27  SCV x2  
  60  5:30  Marine  
  60  5:31  Marine  
  65  5:45  Marine  
  66  5:56  Siege Tank, Marine x2  
  71  5:58  SCV  
  71  6:02  Liberator  
  72  6:05  Marine  
  70  6:16  Marine x2  
  74  6:36  Marine x3  
  74  6:37  Siege Tank  
  80  7:00  Barracks Reactor  
  63  7:29  SCV  
  64  7:39  Engineering Bay  
  64  7:43  Marine x2  
  66  7:44  Marine  
  66  7:45  Marine  
  66  7:47  Siege Tank  
  66  7:48  Medivac  
  73  7:58  Orbital Command  
  73  8:00  SCV  
  73  8:05  Marine x2  
  75  8:06  Barracks Tech Lab  
  75  8:08  Marauder  
  75  8:09  Medivac  
  75  8:12  SCV  
  81  8:24  SCV  
  81  8:26  Combat Shields  
  82  8:27  Marine x2  
  82  8:28  Marine  
  82  8:29  Siege Tank  
  88  8:57  Marine  
  88  8:58  Marine x2  
  78  9:30  Marine x3  
  78  9:31  Marine  
  82  9:32  Siege Tank, Medivac  
  83  9:55  Marine x3  
  83  9:56  Marine  
  87  10:09  Supply Depot  
  87  10:12  SCV x2  
  89  10:15  Supply Depot  
  89  10:18  Barracks  
  89  10:20  Command Center, Barracks  
Show
View Real Time Build Order
Export as new Build Order

lesha Terran 

Build Orders: MMM Bio 

Get SALT Encoding   

  12  0:01  SCV  
  13  0:15  SCV  
  13  0:18  Supply Depot  
  14  0:27  SCV  
  15  0:39  SCV  
  15  0:40  Barracks  
  16  0:46  Refinery  
  16  0:51  SCV  
  17  1:01  Barracks  
  17  1:10  SCV  
  18  1:22  SCV  
  19  1:30  Reaper  
  20  1:34  SCV  
  21  1:46  SCV  
  22  1:48  Barracks Reactor  
  23  2:05  Orbital Command  
  23  2:07  Command Center  
  22  2:17  Barracks Reactor  
  22  2:22  Refinery  
  22  2:23  Supply Depot  
  22  2:27  Marine  
  23  2:44  Marine  
  23  2:45  SCV  
  25  3:05  SCV  
  26  3:09  Marine  
  26  3:10  Marine x3  
  30  3:17  SCV, Factory  
  31  3:20  Barracks  
  31  3:21  Orbital Command  
  31  3:29  SCV, Marine  
  31  3:30  Marine x2  
  35  3:35  Marine  
  36  3:41  SCV  
  37  4:00  SCV x2  
  39  4:10  Engineering Bay  
  39  4:11  Supply Depot  
  39  4:12  Supply Depot, SCV x2  
  41  4:18  Barracks Tech Lab, Starport  
  41  4:19  Factory Reactor  
  41  4:24  SCV  
  42  4:32  SCV  
  42  4:36  SCV  
  44  4:41  Marine x3  
  44  4:42  Marine x2  
  44  4:44  SCV  
  44  4:45  Stimpack  
  50  4:59  Marine x2  
  52  5:10  Factory Tech Lab  
  52  5:11  Marine x3  
  52  5:13  Medivac x2  
  59  5:14  Terran Infantry Weapons Level 1  
  59  5:22  SCV x2, Refinery  
  59  5:24  Marine  
  59  5:25  Refinery  
  62  5:30  Supply Depot  
  62  5:33  Supply Depot  
  62  5:52  Marine x5  
  67  6:10  Marine  
  55  6:48  Marine x3  
  55  6:49  Marine x2  
  55  6:50  Medivac x2  
  64  6:59  SCV x2  
  66  7:06  Command Center, Marine x4  
  70  7:09  Terran Infantry Armor Level 1  
  70  7:11  SCV x2, Barracks  
  70  7:13  Barracks  
  64  7:15  Barracks  
  53  7:36  Missile Turret x2  
  53  7:42  Missile Turret  
  53  7:45  Missile Turret  
  53  7:47  Missile Turret  
  53  7:56  SCV x2  
  55  8:08  SCV  
  55  8:09  SCV  
  55  8:12  Marine x2  
  59  8:13  Barracks Reactor x2  
  59  8:14  Barracks Tech Lab  
  59  8:19  Marine x2  
  60  8:20  SCV, Marine  
  60  8:21  Medivac  
  65  8:32  Siege Tank  
  68  8:40  Engineering Bay  
  68  8:41  Combat Shields  
  68  8:42  Marine x3  
  68  8:43  Armory, Marine x2  
  73  8:50  SCV x2  
  73  8:52  Orbital Command  
  69  9:02  SCV x2  
  63  9:05  Marine  
  63  9:06  Marine x7  
  63  9:07  Marine x2  
  73  9:14  SCV  
  71  9:23  Marine x2  
  71  9:24  Marine x6  
  46  9:48  Marine x7  
  46  9:49  Marine x3  
  46  9:50  Medivac x2  
  60  9:57  SCV x2  
  61  10:05  Marine  
  61  10:06  Marine x3  
  64  10:09  SCV x2  
  64  10:11  Marine x2  
  64  10:12  Marine x3  
  64  10:13  Siege Tank  
  74  10:21  SCV  
  74  10:23  Marine  
  74  10:24  Marine x2  
Tags
 
Add a new tag
Caveats
  • Supply blocks, unpowered buildings, or Contaminate may cause inaccurate times.
  • Supply counts are checked every 10 seconds.